 Dungeon Crawl Stone Soup version 0.27-a0-1036-g8e1b44f6bd (webtiles) character file.

Game seed: 12145740086792494680

21 spiderkeys the Skirmisher (level 2, 0/24 HPs)
             Began as a Demonspawn Abyssal Knight on Apr 18, 2021.
             Was a Follower of Lugonu.
             Slain by Sigmund
             ... wielding a +0 scythe
              (6 damage)
             ... on level 2 of the Dungeon.
             The game lasted 00:01:27 (1559 turns).

spiderkeys the Skirmisher (DsAK)                    Turns: 1559, Time: 00:01:28

Health: 0/24       AC:  3    Str: 12    XL:     2   Next: 65%
Magic:  4/4        EV: 11    Int: 15    God:    Lugonu [*.....]
Gold:   71         SH:  0    Dex: 12    Spells: 1/1 levels left

rFire    . . .     SeeInvis .   a - +2 spear
rCold    . . .     Faith    .   (no shield)
rNeg     . . .     Spirit   .   b - +0 leather armour
rPois    .         Reflect  .   (no helmet)
rElec    .         Harm     .   (no cloak)
rCorr    .         Rampage  .   (no gloves)
Will     .....                  (no boots)
Stlth    +.........             (no amulet)
HPRegen  0.08/turn              (no ring)
MPRegen  0.09/turn              (no ring)

@: no status effects
A: big brain 1
a: Renounce Religion, Depart the Abyss


You were on level 2 of the Dungeon.
You worshipped Lugonu.
Lugonu was aware of your devotion.
You visited 1 branch of the dungeon, and saw 2 of its levels.
You visited the Abyss 1 time.

You collected 71 gold pieces.


Innate Abilities, Weirdness & Mutations

You have an unusually large brain. (Int +2)


   Skills:
 + Level 3.2 Fighting
 * Level 2.2 Polearms
 + Level 2.0 Armour
 - Level 1.0 Dodging
 + Level 2.9 Invocations


You had one spell level left.
You didn't know any spells.
Your spell library was empty.

Inventory:

Hand Weapons
 a - a +2 spear (weapon)
Missiles
 c - 50 arrows
Armour
 b - a +0 leather armour (worn)
Scrolls
 e - a scroll of teleportation {@r4}
Potions
 d - 2 potions of berserk rage {unknown}

Dungeon Overview and Level Annotations

Branches:
Dungeon (2/15)

Altars:

Annotations:
D:2 Sigmund

#.....# #..#
#.....# .....
#.....# .#..##
#.....# #.#...
#.....###.#...#
#......##.#...#.
+..###..!.#+#...
#...#
#..........
#.### ###@b...#.
... #.B......
..## ###@...#.
#. S...# ...#
...# .... ....


You could see Sigmund, a giant cockroach, a bat and a ball python.


Message History

No target in view!
No target in view!
You see here a +0 hand axe.
Key pressed, stopping explore.
You enter the shallow water.
Moving in this stuff is going to be slow.
You enter the shallow water.
Moving in this stuff is going to be slow.
You enter the shallow water.
Moving in this stuff is going to be slow.
You enter the shallow water.
Moving in this stuff is going to be slow.
Partly explored, can't reach some places. 😎 HP[+2]
Your hp is fully restored (24).
Partly explored, can't reach some places.
Partly explored, can't reach some places.
You see here a ball python skeleton.
There is a stone staircase leading down here.
You climb downwards.
There is a stone staircase leading up here.
A hobgoblin comes into view.
The hobgoblin shouts!
You reach to attack!
You hit the hobgoblin but do no damage.
You reach to attack!
You barely miss the hobgoblin. You hit the hobgoblin.
The hobgoblin hits you but does no damage.
You barely miss the hobgoblin.
The hobgoblin hits you but does no damage.
You closely miss the hobgoblin. The hobgoblin hits you. 😕 HP[-3]
You take 3 damage, and now have 21/24 hp.
You closely miss the hobgoblin. The hobgoblin barely misses you.
You hit the hobgoblin.
You kill the hobgoblin!
Lugonu accepts your kill.
No target in view!
No target in view!
No target in view!
You see here a hobgoblin corpse.
Found a stone staircase leading up. 😎 HP[+3]
Your hp is fully restored (24).
No target in view!
You now have 59 gold pieces (gained 8).
You now have 70 gold pieces (gained 11).
You now have 71 gold pieces (gained 1).
Sigmund the Dreaded comes into view.
He is wielding a +0 scythe.
Sigmund shouts!
A bat comes into view.
Sigmund barely misses you.
You reach to attack!
You closely miss Sigmund. Sigmund misses you.
You reach to attack!
You hit Sigmund. The bat closely misses you.
A giant cockroach comes into view.
Sigmund hits you from afar with a +0 scythe! 😮 HP[-10]
You take 10 damage, and now have 14/24 hp.
MASSIVE DAMAGE!! (PAUSE)
You are too injured to fight recklessly!
You are too injured to fight recklessly!
You are too injured to fight recklessly!
You are too injured to fight recklessly!
You are too injured to fight recklessly!
You are too injured to fight recklessly!
Reach: a) +2 spear
Press: ? - help, Dir - move target, f/p - Sigmund
Aim: Sigmund, wielding a +0 scythe and wearing a +0 robe (moderately wounded, about 39% to evade your +2 spear)
You reach to attack!
You barely miss Sigmund.
You hear an angry hiss.
The bat closely misses you. Sigmund closely misses you.
A ball python comes into view.
You hear an angry hiss.
Reach: a) +2 spear
Press: ? - help, Dir - move target, f/p - Sigmund
Aim: Sigmund, wielding a +0 scythe and wearing a +0 robe (moderately wounded, about 39% to evade your +2 spear)
You reach to attack!
You closely miss Sigmund. The bat closely misses you. Sigmund misses you.
Reach: a) +2 spear
Press: ? - help, Dir - move target, f/p - Sigmund
Aim: Sigmund, wielding a +0 scythe and wearing a +0 robe (moderately wounded, about 39% to evade your +2 spear)
You reach to attack!
You hit Sigmund. The bat barely misses you. Sigmund barely misses you.
The giant cockroach misses you. 😮 HP[+1] Reach: a) +2 spear
Press: ? - help, Dir - move target, f/p - Sigmund
Aim: Sigmund, wielding a +0 scythe and wearing a +0 robe (moderately wounded, about 39% to evade your +2 spear)
You reach to attack!
You closely miss Sigmund. The bat closely misses you.
Sigmund hits you from afar with a +0 scythe!
* * * LOW HITPOINT WARNING * * *
The giant cockroach misses you. 😱 HP[-9]
You take 9 damage, and now have 6/24 hp.
MASSIVE DAMAGE!! (PAUSE) Reach: a) +2 spear
Press: ? - help, Dir - move target, f/p - Sigmund
Aim: Sigmund, wielding a +0 scythe and wearing a +0 robe (moderately wounded, about 39% to evade your +2 spear)
You reach to attack!
You closely miss Sigmund. The bat hits you but does no damage.
Sigmund hits you from afar with a +0 scythe.
You die...

Skill      XL: |  1  2 |
---------------+-------+-----
Dodging        | 1 |  1.0
Polearms       | 2 |  2.2
Armour         | 2 |  2.0
Fighting       | |  3.2
Invocations    | |  2.9

Action                   || total
-------------------------++-------
Melee: Spear             ||    86
Invok: Depart the Abyss  ||     1
  Use: Scroll            ||     3
 Stab: Distracted        ||     1
       Sleeping          ||     1
Armor: Leather armour    ||    26
Dodge: Dodged            ||    38

Levels and vault maps discovered:
D:1:      lemuel_arrival_river_bridge, layout_loops_cross,
          shapermc_ecumenical_altar_starsandcircs, minivault_4,
          grunt_decor_one_mirror
D:2:      layout_basic, minmay_quantized, uniq_sigmund

Notes
Turn   | Place    | Note
-------+----------+-------------------------------------------
     0 | Abyss:1  | spiderkeys the Demonspawn Abyssal Knight began the quest
                  | for the Orb.
     0 | Abyss:1  | Reached XP level 1. HP: 18/18 MP: 2/2
     0 | Abyss:1  | magus.rc [v1.9.10]
     1 | Abyss:1  | Found a corrupted altar of Lugonu.
    76 | Abyss:1  | Found a corrupted altar of Lugonu.
    99 | Abyss:1  | Found a corrupted altar of Lugonu.
   211 | Abyss:1  | Noticed a small abomination
   227 | D:1      | You pass through the gate.
   227 | D:1      | Escaped the Abyss
   312 | D:1      | Reached * piety under Lugonu
   323 | D:1      | HP: 3/18 [hobgoblin (3)]
   330 | D:1      | Reached skill level 1 in Dodging
   587 | D:1      | Reached skill level 2 in Polearms
   723 | D:1      | Found a faded altar of an unknown god.
   764 | D:1      | Gained mutation: You have an unusually large brain. (Int
                  | +2) [demonic ancestry]
   764 | D:1      | Reached XP level 2. HP: 19/24 MP: 4/4
   958 | D:1      | Reached skill level 2 in Armour
  1549 | D:2      | Noticed Sigmund
  1558 | D:2      | HP: 6/24 [Sigmund/+0 scythe (9)]
  1559 | D:2      | Slain by Sigmund

Vanquished Creatures
  2 endoplasms (D:1)
  2 goblins (D:1)
  3 hobgoblins
  2 kobolds (D:1)
  A quokka (D:1)
  3 ball pythons (D:1)
  2 bats (D:1)
  2 frilled lizards (D:1)
  4 rats (D:1)
21 creatures vanquished.

Table legend:
 A = Non-vault XP
 B = Vault XP
 C = Vault XP percentage of total XP
 D = Non-vault monster count
 E = Vault monster count
 F = Vault count percentage of total count
                 A         B        C        D         E       F
            +---------+---------+-------+---------+---------+-------
      Total |      31 |       0 |   0.0 |      21 |       0 |   0.0
            +---------+---------+-------+---------+---------+-------
        D:1 |      29 |       0 |   0.0 |      20 |       0 |   0.0
        D:2 |       2 |       0 |   0.0 |       1 |       0 |   0.0
            +---------+---------+-------+---------+---------+-------

Illustrated notes

Table legend:
 A = Kills in this place as a percentage of kills in entire the game.
 B = Kills by you in this place as a percentage of kills by you in the entire game.
 C = Kills by friends in this place as a percentage of kills by friends in the entire game.
 D = Other kills in this place as a percentage of other kills in the entire game.
 E = Experience gained in this place as a percentage of experience gained in the entire game.
 F = Experience gained in this place divided by the number of levels of this place that you have seen.
                   A       B       C       D       E      F
               +-------+-------+-------+-------+-------+----------------------
         Total | 100.0 | 100.0 |   N/A |   N/A | 100.0 |  10.3
       Dungeon | 100.0 | 100.0 |   N/A |   N/A | 100.0 |  15.5
               +-------+-------+-------+-------+-------+----------------------

Table legend: (Time is in decaauts)
 A = Elapsed time spent in this place.
 B = Non-inter-level travel time spent in this place.
 C = Inter-level travel time spent in this place.
 D = Time resting spent in this place.
 E = Time spent auto-exploring this place.
 F = Levels seen in this place.
 G = Mean time per level.
                   A        B        C        D        E       F      G
               +--------+--------+--------+--------+--------+-----+--------+
         Total |   1568 |   1539 |     29 |      0 |   1376 |   3 |  522.7 |
       Dungeon |   1341 |   1312 |     29 |      0 |   1167 |   2 |  670.5 |
         Abyss |    227 |    227 |      0 |      0 |    209 |   1 |  227.0 |
               +--------+--------+--------+--------+--------+-----+--------+

Top non-repeatable levels by time:
     D:1: 1220 daAuts
 Abyss:1: 227 daAuts
     D:2: 121 daAuts
